 Dungeon Crawl Stone Soup version 0.20.0-15-g7f486f2 (webtiles) character file.

79 vishdafish the Shield-Bearer (level 4, -1/29 HPs)
             Began as a Gargoyle Fighter on June 23, 2017.
             Slain by Sigmund
             ... wielding a +0 scythe
              (12 damage)
             ... on level 2 of the Dungeon on June 24, 2017.
             The game lasted 00:03:06 (1618 turns).

vishdafish the Shield-Bearer (Gargoyle Fighter)     Turns: 1618, Time: 00:03:07

Health: -1/29      AC: 10    Str: 24    XL:     4   Next: 38%
Magic:  4/4        EV:  8    Int:  9    God:
Gold:   36         SH:  9    Dex: 10    Spells: 3/3 levels left

rFire    . . .     SeeInvis .   a - +0 flail
rCold    . . .     Gourm    .   c - +0 shield
rNeg     + . .     Faith    .   j - -1 ring mail (curse)
rPois    ∞         Spirit   .   k - +0 helmet
rElec    +         Reflect  .   (no cloak)
rCorr    .         Harm     .   (no gloves)
MR       +....                  (no boots)
Stlth    ..........             (no amulet)
Regen    0.1/turn               h - ring of protection from magic
MPRegen  0.1/turn               p - +1 ring of protection

@: mighty
A: negative energy resistance 1, electricity resistance, unbreathing,
petrification resistance, rot immunity, AC +3
a: no special abilities


You were on level 2 of the Dungeon.
You were not hungry.

You visited 1 branch of the dungeon, and saw 2 of its levels.

You collected 36 gold pieces.

Inventory:

Hand Weapons
 a - a +0 flail (weapon)
Armour
 b - a +0 scale mail
 c - a +0 shield (worn)
 j - a cursed -1 ring mail (worn)
 k - a +0 helmet (worn)
Jewellery
 h - a ring of protection from magic (left hand)
 p - a +1 ring of protection (right hand)
Scrolls
 e - 5 scrolls of identify {unknown}
 f - a scroll of noise {unknown}
 g - a scroll of remove curse {unknown}
 o - a scroll of teleportation {unknown}
Potions
 d - 2 potions of might
 l - 2 potions of agility {unknown}
 m - 3 potions of curing {unknown}
 n - a potion of resistance {unknown}
 q - 2 potions of mutation {unknown}
Comestibles
 i - a meat ration


   Skills:
 + Level 3.8 Fighting
 + Level 2.8 Maces & Flails
 + Level 3.7 Armour
 + Level 0.8 Dodging
 + Level 4.0 Shields


You had 3 spell levels left.
You didn't know any spells.

Dungeon Overview and Level Annotations

Branches:
Dungeon (2/15)

Altars:
Cheibriados

Annotations:
D:2 Sigmund


Innate Abilities, Weirdness & Mutations

You are resistant to torment.
Your stone body is resilient. (AC +3)
You are immune to poison.
You resist negative energy. (rN+)
You are resistant to electric shocks. (rElec)
You can survive without breathing.
You are immune to petrification.
You are immune to rotting.


Message History

Sigmund is moderately wounded.
Sigmund points at you and mumbles some strange words.
The puff of flame hits you!
You closely miss Sigmund.
Sigmund is moderately wounded.
You block Sigmund's attack.
You closely miss Sigmund.
Sigmund is moderately wounded.
Sigmund hits you with a scythe.
You closely miss Sigmund.
Sigmund is moderately wounded.
Sigmund barely misses you.
You hit Sigmund.
Sigmund is moderately wounded.
You block Sigmund's attack.
You bludgeon Sigmund!!
Sigmund is almost dead.
Sigmund laughs darkly.
Sigmund hits you with a scythe!
You die...

##### ##...## ##.###.##
#.#####.#### #.##........
#.##.##.#### ########.#.#.##
#....[......##
###########@###########
#.........@<# ###.###########
##########
#........#########........#
###.####..........†######.####
#.# ############# #..... #.#
###############... #.#
#...............##
#####.#########.####.####.†...#


You could see Sigmund.

Vanquished Creatures
  2 adders (D:2)
  2 oozes
  A leopard gecko (D:2)
  3 giant cockroaches
  7 goblins
  3 hobgoblins
  7 jackals (D:2)
  A quokka (D:2)
  8 bats
  4 frilled lizards
  5 kobolds
  8 rats
51 creatures vanquished.

Notes
Turn   | Place    | Note
-------+----------+-------------------------------------------
     0 | D:1      | vishdafish the Gargoyle Fighter began the quest for the Orb.
     0 | D:1      | Reached XP level 1. HP: 14/14 MP: 1/1
    61 | D:1      | Reached XP level 2. HP: 15/19 MP: 2/2
   547 | D:1      | Found a snail-covered altar of Cheibriados.
   614 | D:2      | Reached XP level 3. HP: 23/23 MP: 3/3
   998 | D:2      | Reached skill level 4 in Shields
   998 | D:2      | Reached XP level 4. HP: 7/29 MP: 4/4
  1609 | D:2      | Noticed Sigmund
  1618 | D:2      | Slain by Sigmund

Skill      XL: |  1  2  3 |
---------------+----------+-----
Shields        | 4 |  4.0
Fighting       | |  3.8
Maces & Flails | |  2.8
Armour         | |  3.7
Dodging        | |  0.8

Action                   |  1- 3 |  4- 6 || total
-------------------------+-------+-------++-------
Melee: Flail             |   178 |    67 ||   245
  Use: Potion            |       |     1 ||     1
  Eat: Bread ration      |       |     1 ||     1
Armor: Scale mail        |     4 |       ||     4
       Ring mail         |   100 |    35 ||   135
Dodge: Dodged            |    91 |    33 ||   124
Block: Shield            |   110 |    27 ||   137
